Map: Acid Plant LE

Players

Serral - Winner!

  • Race: Zerg Zerg
  • Spawn Location: 11:00

Lambo

  • Race: Zerg Zerg
  • Spawn Location: 5:00

Event: WCS Austin 2018

VOD

Have the link to the VOD?

Description

Time

  • Played on: June 3, 2018, 4:04 p.m.
  • Length: 6:54

All games in this series

Show
View Real Time Build Order
Export as new Build Order

Serral Zerg - Winner!

Build Orders: Hatch First 

Get SALT Encoding   

  12  0:00  Drone  
  13  0:12  Overlord  
  13  0:17  Drone  
  14  0:31  Drone x2  
  14  0:35  Drone  
  17  0:51  Hatchery  
  17  0:55  Drone  
  17  0:57  Drone  
  18  1:09  Extractor  
  17  1:12  Spawning Pool  
  17  1:16  Drone  
  17  1:19  Drone  
  18  1:29  Drone  
  20  1:40  Drone  
  20  1:49  Overlord  
  20  1:58  Queen  
  22  2:02  Queen  
  22  2:03  Zergling x2  
  22  2:04  Drone  
  22  2:08  Metabolic Boost  
  26  2:10  Drone  
  26  2:13  Drone  
  28  2:21  Drone  
  29  2:25  Drone  
  30  2:32  Drone  
  30  2:35  Hatchery  
  30  2:43  Baneling Nest  
  30  2:44  Drone  
  30  2:45  Drone  
  30  2:50  Overlord  
  31  2:55  Drone  
  31  2:56  Drone  
  33  3:05  Zergling x2  
  34  3:08  Zergling x2  
  34  3:10  Zergling x2  
  34  3:11  Drone x3  
  34  3:12  Drone  
  40  3:15  Zergling x2  
  40  3:16  Drone  
  42  3:22  Overlord  
  42  3:28  Zergling x2  
  43  3:35  Evolution Chamber, Queen  
  43  3:36  Overlord  
  43  3:40  Overlord  
  44  3:42  Drone x2  
  44  3:44  Drone  
  44  3:46  Drone  
  44  3:47  Drone  
  48  3:51  Drone x2  
  48  3:55  Zergling x2  
  51  3:59  Baneling  
  51  4:01  Zerg Missile Weapons Level 1  
  51  4:02  Zergling x2  
  52  4:04  Drone x2  
  52  4:07  Drone  
  55  4:10  Drone  
  55  4:14  Lair  
  55  4:15  Extractor  
  55  4:16  Extractor  
  54  4:19  Roach Warren  
  54  4:20  Drone  
  54  4:21  Drone  
  54  4:23  Drone  
  56  4:26  Overlord, Drone  
  56  4:30  Drone  
  57  4:33  Drone  
  57  4:36  Zergling x4  
  57  4:37  Drone x3  
  62  4:40  Overlord  
  61  4:46  Baneling x2  
  61  4:51  Drone x3  
  61  4:52  Drone  
  65  4:54  Zergling x8  
  65  4:59  Baneling x2  
  69  5:03  Overlord  
  69  5:06  Roach x4  
  77  5:11  Roach x2  
  77  5:12  Roach  
  82  5:17  Roach  
  82  5:21  Roach x3  
  90  5:23  Overlord  
  90  5:25  Overlord  
  90  5:29  Roach x2  
  90  5:30  Roach  
  98  5:35  Roach  
  97  5:43  Overlord x2  
  97  5:48  Roach x6  
  108  5:56  Zergling x2  
  108  5:57  Zergling x10  
  109  6:02  Zergling x2  
  109  6:05  Zergling x2  
  109  6:10  Queen x3, Zergling x2  
  117  6:12  Baneling x2  
  117  6:13  Zergling x2  
  117  6:16  Zergling x2  
  117  6:17  Zergling x2  
  120  6:23  Zergling x2  
  121  6:27  Zergling x4  
  117  6:34  Zergling x2  
  117  6:36  Zergling x4  
Show
View Real Time Build Order
Export as new Build Order

Lambo Zerg 

Build Orders: Hatch First 

Get SALT Encoding   

  12  0:00  Drone  
  13  0:12  Overlord  
  13  0:17  Drone  
  14  0:31  Drone x2  
  16  0:47  Hatchery  
  15  0:51  Drone  
  15  0:54  Drone  
  17  0:58  Drone  
  18  1:08  Extractor  
  17  1:13  Spawning Pool  
  17  1:17  Drone  
  17  1:19  Drone  
  18  1:28  Drone  
  19  1:39  Drone  
  20  1:50  Overlord  
  20  1:59  Queen x2  
  20  2:00  Drone x2  
  26  2:08  Metabolic Boost  
  26  2:11  Drone  
  26  2:12  Drone  
  28  2:20  Drone  
  28  2:22  Drone  
  30  2:33  Zergling x4  
  32  2:43  Baneling Nest, Hatchery  
  30  2:45  Drone  
  30  2:50  Overlord  
  31  2:53  Drone  
  31  2:57  Drone  
  33  3:04  Drone  
  34  3:07  Drone  
  34  3:09  Drone  
  34  3:10  Drone x2  
  34  3:11  Overlord  
  38  3:14  Zergling x2  
  38  3:15  Zergling x2  
  40  3:20  Drone  
  40  3:23  Drone  
  42  3:33  Baneling x2  
  42  3:36  Drone x2  
  42  3:39  Drone x2  
  42  3:41  Drone x3  
  49  3:42  Evolution Chamber  
  49  3:44  Drone x2, Queen  
  51  3:50  Zergling x2  
  51  3:56  Drone x3  
  51  4:01  Lair, Extractor  
  51  4:02  Extractor  
  52  4:10  Zergling x6  
  52  4:13  Drone x2  
  57  4:22  Drone  
  58  4:26  Overlord  
  58  4:29  Drone  
  58  4:30  Overlord, Drone  
  58  4:33  Overlord  
  58  4:37  Overlord  
  58  4:38  Roach Warren  
  57  4:39  Drone  
  59  4:45  Extractor  
  59  4:47  Drone x3  
  59  4:48  Drone  
  59  4:50  Drone, Zerg Melee Weapons Level 1  
  59  4:51  Drone x3  
  66  4:54  Drone  
  66  4:57  Extractor  
  66  4:58  Extractor  
  65  5:02  Drone x5  
  65  5:05  Drone  
  71  5:09  Spire  
  71  5:13  Drone x3  
  73  5:17  Drone x2  
  73  5:19  Drone  
  73  5:20  Drone  
  77  5:26  Drone  
  77  5:28  Baneling x3  
  78  5:29  Zergling x6  
  81  5:36  Hatchery  
  81  5:41  Zergling x6  
  81  5:42  Zergling x2  
  82  5:43  Overlord  
  79  5:58  Drone x2  
  81  6:11  Zergling x16  
  88  6:12  Overlord  
  88  6:23  Mutalisk x5  
  88  6:25  Overlord  
  97  6:26  Overlord  
  97  6:28  Overlord  
  97  6:30  Overlord  
Tags
 
Add a new tag
Caveats
  • Supply blocks, unpowered buildings, or Contaminate may cause inaccurate times.
  • Supply counts are checked every 10 seconds.